 Dungeon Crawl Stone Soup version 0.27-a0-216-g1fbed8a51c (webtiles) character file.

Game seed: 2733432771790138259

432 EnegeticOcto the Frost Mage (level 7, -5/46 HPs)
             Began as a Barachi Ice Elementalist on Jan 31, 2021.
             Was a Follower of Vehumet.
             Slain by Edmund
             ... wielding a +0 flail of holy wrath
              (9 damage)
             ... on level 6 of the Dungeon.
             The game lasted 00:09:04 (856 turns).

EnegeticOcto the Frost Mage (BaIE)                   Turns: 856, Time: 00:09:05

Health: -5/46      AC:  2    Str:  9    XL:     7   Next: 0%
Magic:  0/10       EV: 12    Int: 17    God:    Vehumet [*.....]
Gold:   4          SH:  0    Dex: 13    Spells: 2/10 levels left

rFire    . . .     SeeInvis .   h - +0 trident (protect)
rCold    . . .     Faith    .   (no shield)
rNeg     . . .     Spirit   .   a - +0 robe
rPois    .         Reflect  .   (no helmet)
rElec    .         Harm     .   b - scarf {repulsion}
rCorr    +         Rampage  .   (no gloves)
Will     +....                  (no boots)
Stlth    ++........             (no amulet)
HPRegen  0.15/turn              i - ring of resist corrosion
MPRegen  0.12/turn              (no ring)

@: frozen ramparts, repel missiles, slow
A: +LOS, swims, deterioration 1, strong-willed 1, slowness 1, strong legs 1
a: Hop, Renounce Religion


You were on level 6 of the Dungeon.
You worshipped Vehumet.
Vehumet was aware of your devotion.
You visited 1 branch of the dungeon, and saw 6 of its levels.

You collected 4 gold pieces.

Inventory:

Hand Weapons
 h - a +0 trident of protection (weapon)
   (You took it off a gnoll sergeant on level 5 of the Dungeon)
 j - a +0 trident
   (You found it on level 3 of the Dungeon)
 k - a +2 whip of flaming
   (You took it off a kobold on level 3 of the Dungeon)
Armour
 a - a +0 robe (worn)
 b - a scarf of repulsion (worn)
   (You found it on level 2 of the Dungeon)
 m - a +0 buckler
   (You took it off a gnoll sergeant on level 5 of the Dungeon)
Jewellery
 i - a ring of resist corrosion (left hand)
   (You found it on level 3 of the Dungeon)
Wands
 c - a wand of charming (2)
   (You found it on level 2 of the Dungeon)
Scrolls
 d - a scroll of immolation {unknown}
 e - a scroll of identify {unknown}
 f - a scroll of teleportation {unknown}
 g - a scroll of remove curse {unknown}
 l - a scroll of enchant armour {unknown}


   Skills:
 - Level 2.1 Dodging
 - Level 1.7 Stealth
 - Level 2.1 Spellcasting
 + Level 5.3 Summonings
 - Level 8.0 Ice Magic


You had 2 spell levels left.
You knew the following spells:

 Your Spells              Type           Power        Failure   Level
a - Freeze                Ice            100%         1%          1
b - Frozen Ramparts       Ice            58%          2%          3
c - Summon Ice Beast      Ice/Summ       24%          12%         4

Your spell library contained the following spells:

 Spells                   Type           Power        Failure   Level
 Sandblast                Erth           2%           19%         1
 Ozocubu's Armour         Ice            29%          2%          3
 Hailstorm                Conj/Ice       15%          36%         4


Dungeon Overview and Level Annotations

Branches:
Dungeon (6/15)
 Temple: D:4-7

Altars:
Vehumet

Annotations:
D:6 Edmund


Innate Abilities, Weirdness & Mutations

You can be seen from farther away. (+LOS)
You can swim through water.
You cover ground slowly.
You can hop short distances.
Your body sometimes deteriorates upon taking damage.
You are strong-willed. (Will+)


Message History

You kill Dowan!
Vehumet accepts your kill. The hound bites you but does no damage.
Edmund drinks a potion.
Edmund seems to grow stronger.
Your Summonings skill increases to level 5!
Evoke which item? (* to show all) (? for menu, Esc to quit)
Aiming: Charm
Press: ? - help, Shift-Dir - straight line, f - hound
Aim: a hound (chance to affect: 54%)
The hound resists with significant effort.
The hound barely misses you. The hound bites you but does no damage.
Evoke which item? (* to show all) (? for menu, Esc to quit)
Aiming: Charm
Press: ? - help, Shift-Dir - straight line, f/p - hound
Aim: a hound (chance to affect: 54%)
The hound resists with significant effort.
The hound bites you but does no damage.
Evoke which item? (* to show all) (? for menu, Esc to quit)
Aiming: Charm
Press: ? - help, Shift-Dir - straight line, f/p - hound
Aim: a hound (chance to affect: 54%)
The hound resists with significant effort.
The hound barely misses you. The hound bites you.
Evoke which item? (* to show all) (? for menu, Esc to quit)
Aiming: Charm
Press: ? - help, Shift-Dir - straight line, f/p - hound
Aim: a hound (chance to affect: 54%)
The hound is charmed.
The jackal bites your hound.
The jackal bites your hound but does no damage.
Edmund hits your hound with a +0 flail of holy wrath!
The jackal barely misses your hound. The jackal bites your hound.
Your hound dies!
The jackal looks stronger.
Found a scroll labelled JUIBRO PASE.
The jackal barely misses you. The jackal barely misses you.
The jackal closely misses you.
The jackal bites you but does no damage.
The jackal bites you but does no damage.
The jackal completely misses you. The jackal closely misses you.
The jackal misses you. The jackal closely misses you.
You swing at nothing.
The jackal barely misses you.
You swing at nothing.
The jackal barely misses you.
Edmund says, "People will remember me!
They'll remember me and die!"
The jackal completely misses you.
You swing at nothing.
You are ready to hop once more.
The jackal bites you.
The jackal bites you but does no damage.
You swing at nothing.
The jackal bites you. x2
You swing at nothing.
The jackal bites you but does no damage.
The jackal bites you.
You swing at nothing.
The jackal misses you. The jackal bites you.
Casting: Freeze (safe; 1% risk of failure)
Confirm with . or Enter, or press ? or * to list all spells.
Casting: Frozen Ramparts (dangerous; 2% risk of failure)
Press: ? - help, Dir - look around, f - activate The walls around you are covered in ice.
You hear the slow rusting of a very distant drain.
The wall freezes the jackal.
The jackal closely misses you.
The wall freezes Edmund.
Reach: h) +0 trident (protect)
Press: ? - help, Dir - move target, f - jackal
Aim: a jackal (heavily wounded)
You barely miss the jackal.
The jackal is heavily wounded.
The wall freezes the jackal.
The jackal bites you.
The wall freezes Edmund.
The wall freezes the jackal.
You kill the jackal!
Vehumet accepts your kill.
You have reached level 7!
Reach: h) +0 trident (protect)
Press: ? - help, Dir - move target, f - Edmund
Aim: Edmund, wielding a +0 flail of holy wrath and wearing a +0 leather armour (lightly wounded, strong)
You reach to attack!
You puncture Edmund!
Your weapon exudes an aura of protection.
Edmund is moderately wounded.
The wall freezes Edmund!
Reach: h) +0 trident (protect)
Press: ? - help, Dir - move target, f/p - Edmund
Aim: Edmund, wielding a +0 flail of holy wrath and wearing a +0 leather armour (heavily wounded, strong)
You completely miss Edmund.
Edmund is heavily wounded.
The wall freezes Edmund.
Edmund barely misses you.
Reach: h) +0 trident (protect)
Press: ? - help, Dir - move target, f/p - Edmund
Aim: Edmund, wielding a +0 flail of holy wrath and wearing a +0 leather armour (heavily wounded, strong)
You barely miss Edmund.
Edmund is heavily wounded.
The wall freezes Edmund.
Edmund hits you with a +0 flail of holy wrath!
* * * LOW HITPOINT WARNING * * *
You barely miss Edmund.
Edmund is severely wounded.
The wall freezes Edmund!
Edmund closely misses you.
The wall freezes Edmund.
Edmund hits you with a +0 flail of holy wrath!
You die...

## .. ##
.. .#
.###?##
.....
...# #..#
#@# #@#
#.# #.#
#.## ##
#..+
..####†##
...(.#.#
..#.#)#


You could see Edmund (strong).

Vanquished Creatures
  Duvessa (D:6)
  A gnoll sergeant (D:5)
  Dowan (D:6)
  A scorpion (D:4)
  An orc priest (D:4)
  2 worker ants (D:4)
  2 gnolls (D:5)
  An adder (D:3)
  A jackal (D:6)
  An ooze (D:2)
  An adder skeleton (D:4)
  A leopard gecko (D:4)
  3 orcs (D:4)
  2 giant cockroaches
  2 goblins
  A hobgoblin (D:2)
  3 ball pythons (D:2)
  2 bats
  5 frilled lizards
  2 kobolds (D:3)
  6 rats
40 creatures vanquished.

Vanquished Creatures (collateral kills)
  2 gnolls (D:5)
2 creatures vanquished.

Vanquished Creatures (others)
  A hound (D:6)
1 creature vanquished.

Grand Total: 43 creatures vanquished

Notes
Turn   | Place    | Note
-------+----------+-------------------------------------------
     0 | D:1      | EnegeticOcto the Barachi Ice Elementalist began the quest
                  | for the Orb.
     0 | D:1      | Reached XP level 1. HP: 13/13 MP: 3/3
     6 | D:2      | Found a radiant altar of Vehumet.
     8 | D:2      | Became a worshipper of Vehumet
    80 | D:2      | Reached skill level 5 in Ice Magic
   228 | D:2      | Reached XP level 2. HP: 18/19 MP: 3/5
   244 | D:2      | Found a faded altar of an unknown god.
   432 | D:3      | Reached skill level 6 in Ice Magic
   432 | D:3      | Reached XP level 3. HP: 17/24 MP: 2/6
   450 | D:3      | Learned a level 3 spell: Frozen Ramparts
   505 | D:4      | Reached XP level 4. HP: 10/30 MP: 1/7
   540 | D:4      | Reached * piety under Vehumet
   540 | D:4      | Offered knowledge of Sandblast by Vehumet.
   594 | D:4      | Reached skill level 7 in Ice Magic
   605 | D:4      | HP: 2/45 [poisoned by a worker ant]
   607 | D:4      | Gained mutation: Your body sometimes deteriorates upon
                  | taking damage. [potion of mutation]
   607 | D:4      | Gained mutation: You are strong-willed. (Will+) [potion of
                  | mutation]
   609 | D:4      | Reached XP level 5. HP: 2/35 MP: 1/8
   611 | D:4      | HP: 2/52 [poisoned by a worker ant]
   668 | D:4      | Reached skill level 8 in Ice Magic
   676 | D:4      | Learned a level 4 spell: Summon Ice Beast
   717 | D:5      | Entered Level 5 of the Dungeon
   779 | D:5      | Reached skill level 1 in Summonings
   783 | D:5      | Reached skill level 3 in Summonings
   783 | D:5      | Reached XP level 6. HP: 20/41 MP: 3/9
   807 | D:6      | Noticed Dowan
   808 | D:6      | Noticed Edmund
   809 | D:6      | Noticed Duvessa
   818 | D:6      | Killed Duvessa
   819 | D:6      | Reached skill level 4 in Summonings
   828 | D:6      | Killed Dowan
   829 | D:6      | Reached skill level 5 in Summonings
   853 | D:6      | Reached XP level 7. HP: 15/46 MP: 0/10
   856 | D:6      | Slain by Edmund

Illustrated notes

Levels and vault maps discovered:
D:1:      heliophobic_arrival_battle_scene, layout_basic
D:2:      layout_loops_ring, vehumet_crystals, chequers_ecumenical_altar_grove,
          mrwooster_statue_mirror, kennysheep_jessica_study,
          uniq_crazy_yiuf_cottage
D:3:      layout_loops_ring, elyvilon_altar_1
D:4:      layout_basic, overflow_temple_1_default, tgw_sif, minmay_unequal
D:5:      layout_loops_ring, uniq_sigmund
D:6:      layout_basic, minmay_temple_entry_grid, gup_sewer_entry_glass,
          minmay_misc_feat_nine_boxes, uniq_duvessa, uniq_edmund

Skill      XL: |  1  2  3  4  5  6 |
---------------+-------------------+-----
Ice Magic      | 5 6 7 8 |  8.0
Summonings     | 3 5 |  5.3
Dodging        | |  2.1
Stealth        | |  1.7
Spellcasting   | |  2.1

Action                   |  1- 3 |  4- 6 |  7- 9 || total
-------------------------+-------+-------+-------++-------
Melee: Unarmed           |    12 |       |       ||    12
       Whip              |     9 |     6 |       ||    15
       Trident           |     2 |     7 |     4 ||    13
 Cast: Freeze            |    30 |     8 |       ||    38
       Frozen Ramparts   |     1 |     8 |       ||     9
       Summon Ice Beast  |       |     1 |       ||     1
 Abil: Hop               |     1 |     2 |       ||     3
Evoke: Wand              |       |     5 |       ||     5
  Use: Potion            |       |     2 |       ||     2
 Stab: Sleeping          |     1 |       |       ||     1
Armor: Robe              |    12 |    11 |       ||    23
Dodge: Dodged            |    22 |    22 |     2 ||    46
       Repelled          |       |     1 |       ||     1

Table legend: (Time is in decaauts)
 A = Elapsed time spent in this place.
 B = Non-inter-level travel time spent in this place.
 C = Inter-level travel time spent in this place.
 D = Time resting spent in this place.
 E = Time spent auto-exploring this place.
 F = Levels seen in this place.
 G = Mean time per level.
                   A        B        C        D        E       F      G
               +--------+--------+--------+--------+--------+-----+--------+
         Total |   1007 |    975 |     32 |      0 |      0 |   6 |  167.8 |
       Dungeon |   1007 |    975 |     32 |      0 |      0 |   6 |  167.8 |
               +--------+--------+--------+--------+--------+-----+--------+

Top non-repeatable levels by time:
     D:2: 364 daAuts
     D:4: 295 daAuts
     D:3: 148 daAuts
     D:5: 103 daAuts
     D:6: 55 daAuts
     D:1: 39 daAuts
